Map: Base scientifica Sejong LE

Players

Rop - Winner!

  • Race: Zerg Zerg
  • League: Gold

Jhyrachy

  • Race: Zerg Zerg
  • League: Gold

VOD

Have the link to the VOD?

Description

Time

  • Played on: May 25, 2016, 3:59 p.m.
  • Length: 8:33
Show
View Real Time Build Order
Export as new Build Order

Rop Zerg - Winner!

Build Orders: Hatch First 

Get SALT Encoding   

  12  0:01  Drone  
  13  0:14  Overlord  
  14  0:21  Drone  
  14  0:34  Drone  
  14  0:35  Drone  
  16  0:37  Drone  
  17  0:55  Hatchery  
  16  0:58  Drone  
  16  1:01  Drone  
  18  1:06  Extractor  
  17  1:18  Spawning Pool  
  16  1:21  Drone  
  17  1:26  Drone  
  18  1:34  Drone  
  19  1:43  Overlord  
  19  1:52  Drone  
  20  2:03  Drone  
  20  2:05  Queen  
  23  2:09  Queen  
  23  2:11  Zergling x2  
  26  2:16  Metabolic Boost  
  26  2:20  Zergling x2  
  27  2:28  Zergling x4  
  29  2:33  Overlord  
  29  2:38  Zergling x2  
  30  2:47  Queen  
  30  2:51  Baneling Nest  
  31  2:54  Drone  
  32  3:05  Drone x3  
  35  3:10  Drone x2  
  37  3:24  Drone x2  
  37  3:25  Drone x3  
  42  3:34  Drone x2  
  42  3:36  Overlord  
  44  3:41  Baneling x4  
  44  3:42  Baneling  
  44  3:46  Overlord  
  44  4:05  Zergling x8  
  44  4:07  Hatchery  
  47  4:15  Extractor  
  45  4:20  Zergling x2  
  46  4:29  Lair  
  46  4:34  Extractor  
  46  4:35  Extractor  
  44  4:39  Roach Warren  
  42  5:04  Drone x4  
  42  5:05  Drone x6  
  42  5:06  Overlord x2  
  52  5:13  Zergling x4  
  52  5:14  Zergling x8  
  58  5:21  Queen  
  58  5:24  Drone x3  
  63  5:34  Spire  
  62  5:36  Zergling x6  
  65  5:53  Evolution Chamber  
  64  6:01  Zergling x4  
  64  6:02  Zergling x12  
  72  6:14  Baneling x5  
  72  6:15  Baneling  
  72  6:19  Zergling x12  
  72  6:20  Zergling x6  
  81  6:27  Overlord x3  
  64  6:48  Zergling x12  
  70  6:56  Zergling x2  
  70  6:57  Zergling x10  
  70  7:11  Spore Crawler x2  
  70  7:13  Spore Crawler  
  70  7:14  Spore Crawler  
  70  7:15  Spore Crawler  
  59  7:20  Spore Crawler x3  
  53  7:22  Queen  
  53  7:27  Mutalisk  
  57  7:34  Spore Crawler  
  56  7:40  Drone x2  
  56  7:41  Drone x2  
  60  7:47  Pneumatized Carapace  
  57  8:13  Drone x2  
  57  8:14  Drone x6  
  57  8:15  Drone x2  
Show
View Real Time Build Order
Export as new Build Order

Jhyrachy Zerg 

Build Orders: Pool First 

Get SALT Encoding   

  12  0:02  Drone  
  13  0:17  Overlord  
  13  0:18  Drone  
  14  0:36  Drone  
  14  0:37  Drone  
  14  0:40  Drone  
  17  0:52  Drone  
  17  0:55  Spawning Pool  
  17  1:01  Drone  
  18  1:08  Extractor  
  17  1:12  Drone  
  18  1:23  Drone  
  19  1:33  Overlord  
  19  1:44  Queen, Drone  
  22  1:48  Hatchery  
  21  1:59  Zergling x2  
  22  2:06  Zergling x2  
  22  2:07  Metabolic Boost  
  23  2:21  Zergling x2  
  24  2:25  Queen  
  26  2:47  Evolution Chamber  
  26  2:50  Zergling x4, Overlord  
  27  3:09  Queen  
  28  3:16  Zerg Melee Weapons Level 1  
  28  3:22  Baneling Nest  
  27  3:30  Drone  
  27  3:31  Drone x6  
  27  3:32  Drone  
  27  3:33  Overlord  
  35  3:45  Extractor, Drone  
  35  3:55  Zergling x6  
  38  4:00  Lair  
  38  4:06  Drone  
  38  4:07  Drone x3  
  42  4:31  Extractor  
  42  4:33  Extractor  
  40  4:38  Drone x2  
  40  4:39  Drone  
  40  4:41  Drone x3  
  40  4:42  Drone x3  
  40  4:43  Overlord  
  49  5:17  Spire  
  48  5:22  Overlord x2  
  48  5:32  Drone x2  
  50  5:40  Hatchery  
  49  5:43  Baneling x4  
  47  6:30  Mutalisk  
  47  6:31  Mutalisk x8  
  65  6:33  Zergling x6  
  65  6:38  Spine Crawler  
  66  6:45  Spine Crawler  
  22  7:22  Drone  
  23  7:23  Drone x10  
  23  7:25  Queen  
  23  7:26  Queen  
  37  7:45  Spine Crawler  
  37  7:48  Spine Crawler  
Tags
 
Add a new tag
Caveats
  • Supply blocks, unpowered buildings, or Contaminate may cause inaccurate times.
  • Supply counts are checked every 10 seconds.